 Dungeon Crawl Stone Soup version 0.32-a0-612-g1c984fe9d1 (webtiles) character file.

Game seed: 17043237670858676126

7608 ezpacito the Trooper (level 11, 0/84 HPs)
             Began as a Coglin Chaos Knight on Mar 4, 2024.
             Was a Plaything of Xom.
             Slain by a gnoll sergeant
             ... wielding a +3 spear of venom
              (4 damage)
             ... on level 10 of the Dungeon.
             The game lasted 00:17:33 (9868 turns).

ezpacito the Trooper (Coglin Chaos Knight)          Turns: 9868, Time: 00:17:34

Health: 0/84       AC: 10    Str: 15    XL:     11   Next: 17%
Magic:  5/5        EV: 15    Int: 10    God:    Xom [......]
Gold:   748        SH:  0    Dex: 17    Spells: 0/17 levels left

rFire   . . .        p - +9 flail of Pandemonium {antimagic, rPois Str-2 Dex+4}
rCold   . . .        a - +2 hand axe (chaos) {Fernando}
rNeg    . . .        c - +2 steam dragon scales
rPois   +            (helmet restricted)
rElec   .            s - +1 cloak
rCorr   .            (no gloves)
SInv    .            (no boots)
Will    +....        (amulet unavailable)
Stlth   +++          (ring unavailable)
HPRegen 0.34/turn    (ring unavailable)
MPRegen 0.09/turn    (no gizmo)

%: no passive effects
@: brilliant, lethally poisoned (0 -> -2), unable to drink, revved
A: off-hand wielding, slow wielding, warmup strikes, no jewellery, antennae 1,
dopey 1, strong-willed 1, inability to drink after injury 1
a: Invent Gizmo, Renounce Religion


You were on level 10 of the Dungeon.
You worshipped Xom.
You were a very special plaything of Xom.
You visited 2 branches of the dungeon, and saw 11 of its levels.
You also visited: Bailey.

You collected 748 gold pieces.

Inventory:

Hand Weapons
 a - a +2 hand axe of chaos (offhand) {Fernando}
 e - a +4 battleaxe
 p - the +9 flail of Pandemonium (weapon) {antimagic, rPois Str-2 Dex+4}
   (You found it on level 8 of the Dungeon)

   Str-2:     It affects your strength (-2).
   Dex+4:     It affects your dexterity (+4).
   rPois:     It protects you from poison.
 u - a +3 trident of draining {Cynebald}
 y - a +0 war axe
Missiles
 b - 10 poisoned darts
 k - 10 boomerangs
 n - a throwing net
Armour
 c - +2 steam dragon scales (worn)
 h - a +0 plate armour of cold resistance
 s - a +1 cloak (worn)
Magical Staves
 j - a staff of death
 m - a staff of alchemy
Wands
 o - a wand of charming (21)
 w - a wand of flame (44)
 A - a wand of quicksilver (4)
 E - a wand of mindburst (11)
 G - a wand of warping (12)
Scrolls
 f - a scroll of revelation
 g - 2 scrolls of noise
 t - a scroll of teleportation
 v - 2 scrolls of amnesia
 x - a scroll of fog
 B - a scroll of blinking
 D - a scroll of immolation
Potions
 d - 2 potions of magic
 l - a potion of heal wounds
 q - a potion of curing
 r - a potion of lignification
 z - 2 potions of enlightenment
Miscellaneous
 C - a phial of floods


   Skills:
 * Level 7.4 Fighting
 * Level 7.3(8.2) Axes
 + Level 1.4(4.4) Maces & Flails
 + Level 4.5(6.3) Polearms
 * Level 6.4 Armour
 * Level 6.1 Dodging
 + Level 4.2 Stealth
 + Level 3.8 Spellcasting
 + Level 1.6 Alchemy
 + Level 6.1 Evocations


You couldn't memorise any spells.
You knew the following spells:

 Your Spells              Type           Power      Damage    Failure   Level
a - Necrotise             Necr           8%         1d4       26%         1
b - Passage of Golubria   Tloc           2%         N/A       95%         4
c - Lehudib's Crystal Sp  Conj/Erth      1%         10d2      100%        8
d - Sting                 Conj/Alch      20%        1d4       19%         1
e - Gell's Gravitas       Tloc           2%         N/A       61%         3

Your spell library contained the following spells:

 Spells                   Type           Power      Damage    Failure   Level
 Apportation              Tloc           4%         N/A       26%         1
 Summon Small Mammal      Summ           8%         N/A       26%         1
 Lesser Beckoning         Tloc           4%         N/A       36%         2
 Teleport Other           Tloc           2%         N/A       61%         3
 Silence                  Hex/Air        1%         N/A       100%        5


Dungeon Overview and Level Annotations

Branches:
Dungeon (10/15)            Temple (1/1) D:4            Lair (0/5) D:10
    Orc (0/2) D:10         Bailey (visited)

Altars:
Ashenzari
Dithmenos
Elyvilon
Fedhas
Gozag
Hepliaklqana
Kikubaaqudgha
Makhleb
Nemelex Xobeh
Okawaru
Qazlal
Ru
Sif Muna
Trog
Uskayaw
Vehumet
Wu Jian
Xom
Yredelemnul
Zin
The Shining One

Annotations:
D:7 2 transporters, DeathSocks's ghost, novice CoGl


Innate Abilities, Weirdness & Mutations

You can wield a second weapon in your off-hand.
It takes a long time for you to wield or remove held weapons.
Your first few attacks do less damage.
You cannot equip rings or amulets.
You have a pair of small antennae on your head.
You are dopey. (Int -2)
You are strong-willed. (Will+)
You occasionally lose the ability to drink potions when taking damage.


Message History

You drain the kobold brigand.
You kill the kobold brigand!
You feel sick.
You take 1 damage, and have 42/84 hp.
You thump the ogre with the +9 flail of Pandemonium!
The ogre is moderately wounded.
You slash the ogre with your +2 hand axe of chaos!
You burn the ogre.
You feel sick. "First here, now there."
You swap places with the gnoll sergeant.
Some monsters swap places.
The ogre closely misses you.
The gnoll sergeant hits you with a +2 heavy spear.
The gnoll sergeant hits you from afar with a +0 spear!
* * * LOW HITPOINT WARNING * * *
The gnoll sergeant hits you with a +3 spear of venom.
* * * LOW HITPOINT WARNING * * *
The gnoll misses you.
You take 21 damage, and have 21/84 hp.
MASSIVE DAMAGE!!
You barely miss the ogre with your +2 hand axe of chaos.
You hit the orc warrior but do no damage.
Lightning courses through the orc warrior!
You hit the gnoll sergeant but do no damage.
The gnoll sergeant is poisoned.
You hit the troll with your +2 hand axe of chaos.
You closely miss the gnoll sergeant with your +2 hand axe of chaos.
You hit the ogre with the +9 flail of Pandemonium.
You feel sick. The orc warrior completely misses you.
The gnoll sergeant hits you with a +3 spear of venom!
* * * LOW HITPOINT WARNING * * *
The gnoll sergeant closely misses you.
The gnoll hits you from afar with a +0 spear.
* * * LOW HITPOINT WARNING * * *
You take 16 damage, and have 5/84 hp.
Blink to where?
Press: ? - help, Dir - move target
As you read the scroll of blinking, it crumbles to dust.
You feel sick. The ogre misses you.
The gnoll sergeant hits you from afar with a +3 spear of venom.
You die...
Xom laughs nastily!

#...# #.........#
#...# #.....#######
#...# #..####ß$..ß#
#...# #..# #$$...#
##..# #.ogo.#
##...####oooT.#
##.......#ßgOgß#
...........###g#####
#########...@OOo...#
#.########.# #.# {
#.# ^.# #.# #.# #..


You could see an orc warrior, 2 ogres and 2 gnoll sergeants.

Vanquished Creatures
  A two-headed ogre (D:7)
  A deep elf pyromancer (Bailey)
  Pikel (D:8)
  An orc knight (Bailey)
  Jeremiah (D:6)
  A hornet (D:7)
  Prince Ribbit (D:6)
  5 yaks (D:6)
  2 steam dragons
  Eustachio (D:6)
  Edmund (D:4)
  Menkaure (D:6)
  A water moccasin (D:7)
  7 orc warriors
  2 black bears (D:5)
  An ogre (D:5)
  5 centaurs
  3 lemures (D:8)
  Blork the orc (D:4)
  A kobold brigand (D:10)
  2 bullfrogs
  A gnoll sergeant (D:8)
  2 scorpions (D:5)
  5 killer bees (D:7)
  5 wights
  3 howler monkeys (D:9)
  4 hounds
  A bombardier beetle (D:5)
  A sleepcap (D:5)
  6 orc priests
  4 iguanas
  Ijyb (D:4)
  8 orc wizards
  7 gnolls
  7 adders
  A river rat (D:8)
  2 shadow imps (D:7)
  3 white imps
  4 ufetubi
  5 dart slugs
  57 orcs
  13 ball pythons
  4 endoplasms
  2 giant cockroaches
  13 goblins
  A hobgoblin (D:1)
  7 jackals
  2 quokkas (D:2)
  7 bats
  6 frilled lizards
  11 kobolds
  4 rats
237 creatures vanquished.

Vanquished Creatures (collateral kills)
  3 orc warriors (D:9)
  A phantom (D:5)
  4 orcs (D:9)
  2 goblins (D:9)
  A kobold (D:4)
11 creatures vanquished.

Grand Total: 248 creatures vanquished

Notes
Turn   | Place    | Note
-------+----------+-------------------------------------------
     0 | D:1      | ezpacito the Coglin Chaos Knight began the quest for the
                  | Orb.
     0 | D:1      | Reached XP level 1. HP: 18/18 MP: 1/1
    41 | D:1      | XOM: silly message
   123 | D:1      | XOM: potion effect (haste)
   182 | D:1      | Reached skill level 1 in Dodging
   182 | D:1      | Reached XP level 2. HP: 24/24 MP: 2/2
   557 | D:1      | Reached XP level 3. HP: 29/29 MP: 3/3
   736 | D:1      | XOM: god gift: 15 gold pieces
   811 | D:2      | Reached skill level 1 in Polearms
   932 | D:2      | XOM: smoke on damage
   938 | D:2      | XOM: potion effect (might)
   951 | D:2      | Reached XP level 4. HP: 11/35 MP: 4/4
  1133 | D:2      | XOM: silly message
  1875 | D:3      | Reached XP level 5. HP: 41/41 MP: 6/6
  1907 | D:3      | Found an iron altar of Okawaru.
  2051 | D:3      | Found a basalt altar of Yredelemnul.
  2477 | D:4      | Found a staircase to the Ecumenical Temple.
  2489 | Temple   | Entered the Ecumenical Temple
  2618 | D:4      | Noticed Ijyb
  2625 | D:4      | Killed Ijyb
  2626 | D:4      | Reached skill level 1 in Stealth
  2681 | D:4      | Noticed Blork the orc
  2692 | D:4      | XOM: divination: magic mapping
  2693 | D:4      | Killed Blork the orc
  2694 | D:4      | Reached skill level 1 in Spellcasting
  2694 | D:4      | Reached XP level 6. HP: 33/48 MP: 7/7
  2816 | D:4      | XOM: 1-stop teleportation journey
  2907 | D:4      | Noticed Edmund
  2920 | D:4      | HP: 2/41 [Edmund/+0 flail of draining (11)]
  2920 | D:4      | Xom revived you
  3053 | D:4      | Killed Edmund
  3054 | D:4      | Reached skill level 1 in Evocations
  3402 | D:4      | XOM: 1-stop teleportation journey
  3821 | D:5      | Entered Level 5 of the Dungeon
  3966 | D:5      | Found a blossoming altar of Fedhas.
  4038 | D:5      | Found a sacrificial altar of Ru.
  4070 | D:5      | Reached XP level 7. HP: 30/54 MP: 7/9
  4201 | D:5      | XOM: summons 4 hostile demons
  4228 | D:5      | XOM: polymorph crimson imp -> iron imp
  4398 | D:5      | Reached XP level 8. HP: 61/61 MP: 10/10
  4400 | D:5      | XOM: cloud trail
  4602 | D:5      | XOM: cast spell 'Summon Mana Viper'
  4698 | D:5      | XOM: silly message
  4797 | D:6      | XOM: god gift: scroll labelled NOLEUG BOMEOJOZEQU {god
                  | gift}
  4820 | D:6      | XOM: silly message
  5193 | D:6      | Noticed Prince Ribbit
  5201 | D:6      | XOM: noise
  5209 | D:6      | Killed Prince Ribbit
  5210 | D:6      | Reached skill level 5 in Fighting
  5220 | D:6      | Noticed Eustachio
  5228 | D:6      | Killed Eustachio
  5229 | D:6      | Reached skill level 5 in Axes
  5288 | D:6      | Found an opulent altar of Gozag.
  5289 | D:6      | Found a white marble altar of Elyvilon.
  5292 | D:6      | Found a hide-covered altar of Uskayaw.
  5556 | D:6      | Noticed Jeremiah
  5556 | D:6      | Noticed Menkaure
  5561 | D:6      | Killed Jeremiah
  5562 | D:6      | Reached XP level 9. HP: 19/68 MP: 12/12
  5562 | D:6      | Killed Menkaure
  5900 | D:6      | Learned a level 1 spell: Necrotise
  5905 | D:6      | Learned a level 4 spell: Passage of Golubria
  5914 | D:6      | Learned a level 8 spell: Lehudib's Crystal Spear
  5943 | D:7      | Found a transporter.
  5943 | D:7      | Noticed a hornet
  5945 | D:7      | XOM: confuse monster(s)
  5948 | D:7      | Noticed DeathSocks's ghost (novice CoGl)
  5950 | D:7      | Found a transporter.
  5957 | D:7      | Noticed a gargoyle
  5968 | D:7      | Killed a hornet
  6016 | D:7      | XOM: 4-stop teleportation journey
  6054 | D:7      | Noticed a two-headed ogre
  6057 | D:7      | Killed a two-headed ogre
  6058 | D:7      | Reached skill level 5 in Armour
  6065 | D:7      | XOM: smoke on damage
  6241 | D:6      | XOM: scenery: summon butterflies
  6268 | D:6      | Reached XP level 10. HP: 14/77 MP: 14/14
  6270 | D:6      | Reached skill level 5 in Dodging
  6466 | D:7      | XOM: enchant monster (good)
  6476 | D:6      | Reached skill level 5 in Evocations
  7099 | D:7      | XOM: give mutation
  7099 | D:7      | Gained mutation: You possess an exceptional clarity of
                  | mind. [Xom's mischief]
  7311 | D:7      | XOM: scenery: create altars
  7417 | D:7      | XOM: god gift: 32 gold pieces
  7832 | D:8      | Found a glowing golden altar of the Shining One.
  7833 | D:8      | Found a radiant altar of Vehumet.
  7972 | D:8      | XOM: 6-stop teleportation journey
  8021 | D:8      | XOM: 2-stop teleportation journey
  8155 | D:8      | Noticed Pikel
  8178 | D:8      | Killed Pikel
  8217 | D:8      | Identified the +9 flail of Pandemonium {antimagic, rPois
                  | Str-2 Dex+4}
  8851 | D:9      | Found a flagged portal.
  8864 | Bailey   | XOM: stealth player
  8864 | Bailey   | Entered a bailey
  8900 | Bailey   | Noticed an orc knight
  8901 | Bailey   | Found a large runed translucent door.
  8901 | Bailey   | Found a large runed translucent door.
  8902 | Bailey   | Noticed a deep elf pyromancer
  8905 | Bailey   | Lost mutation: You possess an exceptional clarity of mind.
                  | [potion of mutation]
  8905 | Bailey   | Gained mutation: You have a pair of small antennae on your
                  | head. [potion of mutation]
  8905 | Bailey   | Gained mutation: You are dopey. (Int -2) [potion of
                  | mutation]
  8905 | Bailey   | Gained mutation: You occasionally lose the ability to drink
                  | potions when taking damage. [potion of mutation]
  8905 | Bailey   | Gained mutation: You are strong-willed. (Will+) [potion of
                  | mutation]
  8906 | Bailey   | XOM: stat loss: -1 Str (14/15)
  8910 | Bailey   | Killed an orc knight
  8919 | Bailey   | Reached skill level 1 in Alchemy
  9008 | Bailey   | XOM: summons 1 hostile demon
  9119 | Bailey   | Killed a deep elf pyromancer
  9120 | Bailey   | Reached skill level 1 in Maces & Flails
  9120 | Bailey   | Reached XP level 11. HP: 84/84 MP: 5/16
  9206 | D:9      | XOM: god gift: brass ring {god gift}
  9383 | D:9      | Learned a level 1 spell: Sting
  9387 | D:9      | Learned a level 3 spell: Gell's Gravitas
  9750 | D:10     | Entered Level 10 of the Dungeon
  9750 | D:10     | Found a staircase to the Lair.
  9855 | D:10     | Found a staircase to the Orcish Mines.
  9866 | D:10     | XOM: swap monsters
  9868 | D:10     | HP: 4/84 [poisoned by a gnoll sergeant]
  9868 | D:10     | Slain by a gnoll sergeant

Illustrated notes

Levels and vault maps discovered:
D:1:      saegor_arrival_simple_d, layout_loops_cross, lexackson_kobold_supper
D:2:      wander_river, layout_basic, chequers_serial_rivers_micro_d,
          minmay_hedge_maze
D:3:      layout_basic, okawaru_metal_pillars_1_2, yredelemnul_altar_generic
D:4:      layout_layer_cave, minmay_temple_entry_junction, uniq_blork_the_orc,
          uniq_edmund, uniq_ijyb
D:5:      layout_loops_ring, fedhas_altar_decomposition, nicolae_ru_awakened_eye
D:6:      layout_loops_ring, grunt_temple_overflow_diamond,
          kennysheep_pointless_box, uniq_menkaure, uniq_prince_ribbit1,
          uniq_eustachio, uniq_jeremiah
D:7:      layout_cave_pools, gammafunk_ghost_arena, st_stairs_13,
          kennysheep_generic_room_8
D:8:      cheibrodos_quashed, layout_basic, gammafunk_temple_overflow_statue,
          uniq_pikel
D:9:      layout_rooms, special_room [special_room_orc],
          lightli_bailey_entry_fortress
D:10:     layout_long_grid, lemuel_tele_altar, lair_entry_dummy,
          kennysheep_orc_monster_closet_entryway, ebering_ghost_gozag,
          minmay_lindwurm_lava
Temple:   nicolae_temple_hex_pool

Skill      XL: |  1  2  3  4  5  6  7  8  9 10 11 |
---------------+----------------------------------+-----
Dodging        | 1 2 3 4 5 6 |  6.1
Armour         | 2 3 4 5 6 |  6.4
Polearms       | 1 2 3 4 |  4.5
Stealth        | 1 2 3 4 |  4.2
Spellcasting   | 1 2 3 |  3.8
Fighting       | 4 5 6 7 |  7.4
Evocations     | 1 2 3 4 6 |  6.1
Axes           | 4 5 6 7 |  7.3
Alchemy        | 1 |  1.6
Maces & Flails | 1 |  1.4

Action                     |  1- 3 |  4- 6 |  7- 9 | 10-12 || total
---------------------------+-------+-------+-------+-------++-------
  Melee: Hand axe          |    68 |   165 |   159 |   195 ||   587
         Dagger            |    57 |   150 |       |       ||   207
         Flail             |       |    10 |   135 |   105 ||   250
         Trident           |       |       |    32 |   132 ||   164
  Evoke: Wand              |       |     9 |     9 |     1 ||    19
    Use: Scroll            |     2 |     5 |     9 |    11 ||    27
         Potion            |       |     1 |    12 |     5 ||    18
   Stab: Sleeping          |     1 |     4 |     1 |     3 ||     9
         Petrified         |     3 |       |     2 |    10 ||    15
         Petrifying        |     1 |       |     1 |     4 ||     6
         Confused          |       |     2 |     5 |     9 ||    16
         Paralysed         |       |       |     2 |       ||     2
         Distracted        |       |       |       |     1 ||     1
 Armour: Leather armour    |    51 |    89 |    58 |       ||   198
         Chain mail        |       |       |   133 |       ||   133
         Steam dragon scal |       |       |    19 |   197 ||   216
  Dodge: Dodged            |    46 |    76 |   123 |   221 ||   466

Table legend: (Time is in decaauts)
 A = Elapsed time spent in this place.
 B = Non-inter-level travel time spent in this place.
 C = Inter-level travel time spent in this place.
 D = Time resting spent in this place.
 E = Time spent auto-exploring this place.
 F = Levels seen in this place.
 G = Mean time per level.
                   A        B        C        D        E       F      G
               +--------+--------+--------+--------+--------+-----+--------+
         Total |   9904 |   9505 |    399 |   1386 |   5979 |  12 |  825.3 |
       Dungeon |   9597 |   9199 |    398 |   1386 |   5854 |  10 |  959.7 |
        Temple |      1 |      1 |      0 |      0 |      0 |   1 |    1.0 |
        Bailey |    305 |    305 |      0 |      0 |    124 |   1 |  305.0 |
               +--------+--------+--------+--------+--------+-----+--------+

Top non-repeatable levels by time:
     D:6: 1906 daAuts
     D:4: 1317 daAuts
     D:8: 1143 daAuts
     D:2: 1074 daAuts
     D:7: 880 daAuts
     D:9: 811 daAuts
     D:5: 794 daAuts
     D:1: 788 daAuts
     D:3: 762 daAuts
  Bailey: 305 daAuts
    D:10: 118 daAuts
  Temple: 1 daAuts
